Map: New Repugnancy LE

Players

Kas

  • Race: Terran Terran
  • Spawn Location: 1:00

TIME (Oliveira) - Winner!

  • Race: Terran Terran
  • Spawn Location: 7:00

Event: 2019 WCS Spring

VOD

Have the link to the VOD?

Description

Time

  • Played on: May 17, 2019, 10:56 a.m.
  • Length: 9:03

All games in this series

Show
View Real Time Build Order
Export as new Build Order

Kas Terran 

Build Orders: Liberator Opening 

Get SALT Encoding   

  12  0:02  SCV  
  13  0:14  SCV  
  13  0:19  Supply Depot  
  14  0:26  SCV  
  15  0:30  Refinery  
  15  0:41  SCV  
  16  0:46  Barracks  
  16  0:53  SCV  
  17  1:01  Refinery  
  17  1:05  SCV  
  18  1:17  SCV  
  19  1:33  Orbital Command  
  19  1:35  Factory  
  19  1:37  Reaper  
  20  1:47  Supply Depot  
  20  1:58  SCV  
  21  2:10  SCV, Reaper  
  23  2:19  Widow Mine  
  25  2:23  SCV  
  26  2:30  Command Center  
  26  2:35  SCV  
  27  2:38  Supply Depot  
  27  2:42  Factory Tech Lab  
  27  2:43  Barracks Reactor  
  27  2:48  SCV  
  28  2:54  Starport  
  31  3:06  Siege Tank  
  31  3:10  SCV  
  32  3:13  Liberator  
  32  3:20  Marine x2  
  32  3:22  SCV  
  38  3:35  SCV  
  38  3:39  Refinery  
  39  3:42  Marine x2  
  39  3:44  Orbital Command  
  39  3:47  SCV  
  42  3:54  Siege Tank  
  38  4:03  Marine  
  38  4:07  Marine  
  38  4:08  SCV  
  41  4:10  SCV  
  41  4:21  Marine  
  41  4:23  Viking  
  36  4:25  Marine  
  36  4:26  Supply Depot  
  35  4:34  Siege Tank  
  38  4:39  SCV, Marine  
  38  4:40  SCV  
  41  4:51  SCV  
  41  4:52  SCV  
  41  5:03  SCV  
  41  5:04  Marine  
  41  5:09  Medivac  
  41  5:11  SCV  
  44  5:15  SCV  
  44  5:20  Siege Tank  
  48  5:23  SCV  
  48  5:25  Liberator  
  48  5:27  SCV  
  47  5:33  Marine x2  
  47  5:35  SCV  
  50  5:39  SCV  
  50  5:41  Supply Depot  
  54  5:47  SCV  
  55  5:51  SCV  
  56  5:58  Marine x2  
  56  5:59  SCV, Siege Tank  
  56  6:04  SCV  
  62  6:11  SCV  
  62  6:16  SCV, Marine x2  
  66  6:23  SCV  
  67  6:28  SCV  
  67  6:31  Supply Depot  
  66  6:35  SCV  
  67  6:46  Marine x2  
  69  6:51  Command Center, Supply Depot  
  69  6:52  SCV, Supply Depot  
  69  6:53  Siege Tank, Barracks  
  73  6:54  Barracks  
  73  7:07  SCV  
  69  7:15  Marine x2  
  71  7:17  SCV  
  71  7:18  Medivac  
  71  7:19  SCV  
  72  7:25  Siege Tank  
  72  7:26  Engineering Bay  
  72  7:29  SCV  
  76  7:34  Engineering Bay, Refinery  
  76  7:35  SCV  
  77  7:38  Marine x2  
  79  7:45  Barracks Tech Lab x2  
  79  7:52  SCV  
  79  7:53  Barracks  
  79  7:55  Barracks  
  79  7:58  SCV  
  81  8:05  SCV  
  71  8:08  Marine x2  
  71  8:09  Marine  
  71  8:10  SCV  
  70  8:16  Siege Tank  
  70  8:18  Marine  
  74  8:25  Marine  
  74  8:26  Marine x2  
  76  8:29  Starport Reactor  
  76  8:34  Supply Depot x2  
  77  8:35  SCV, Orbital Command  
  77  8:36  Marine  
  77  8:40  Marine  
  80  8:43  Marine x2  
  80  8:44  Marine  
Show
View Real Time Build Order
Export as new Build Order

TIME Terran - Winner!

Build Orders: 1/1/1 

Get SALT Encoding   

  12  0:00  SCV  
  13  0:12  SCV  
  14  0:17  Supply Depot  
  14  0:24  SCV  
  14  0:28  Refinery  
  15  0:39  SCV  
  16  0:44  Barracks  
  16  0:51  SCV  
  16  0:54  Refinery  
  17  1:03  SCV  
  18  1:15  SCV  
  19  1:31  Orbital Command, Factory  
  19  1:35  Barracks Reactor  
  19  1:44  Supply Depot  
  19  1:57  SCV  
  20  2:09  SCV  
  20  2:12  Reaper x2  
  20  2:15  Hellion  
  25  2:20  Starport  
  25  2:23  SCV  
  25  2:29  Supply Depot  
  26  2:35  SCV  
  27  2:40  Hellion  
  29  2:45  Reaper x2  
  29  2:51  SCV  
  32  2:56  Medivac  
  34  3:02  Hellion  
  36  3:17  Reaper  
  36  3:18  Reaper  
  38  3:25  Command Center  
  38  3:28  Factory Tech Lab  
  38  3:34  Supply Depot  
  38  3:35  SCV  
  37  3:49  Marine x2  
  37  3:55  Siege Tank  
  39  4:07  Marine x2  
  39  4:08  Medivac  
  41  4:10  SCV  
  42  4:25  SCV, Marine  
  42  4:26  Liberator  
  42  4:29  Cyclone  
  46  4:38  SCV, Orbital Command  
  50  4:50  SCV  
  49  4:59  Marine  
  46  5:05  Siege Tank  
  46  5:06  SCV  
  47  5:07  SCV  
  48  5:18  SCV  
  48  5:19  SCV  
  49  5:30  SCV  
  49  5:31  SCV  
  49  5:35  Barracks Tech Lab  
  50  5:37  Siege Tank  
  50  5:38  Starport Reactor  
  50  5:39  Barracks  
  50  5:42  SCV, Refinery, Engineering Bay, Barracks  
  54  5:43  SCV  
  55  5:54  SCV  
  55  5:55  SCV, Marine  
  55  5:56  Stimpack  
  58  6:00  Supply Depot  
  58  6:06  SCV  
  58  6:08  SCV  
  60  6:13  Marine  
  60  6:14  Terran Infantry Weapons Level 1, Supply Depot  
  58  6:18  SCV  
  58  6:20  SCV  
  60  6:30  SCV  
  60  6:32  SCV, Marine x2  
  61  6:35  Refinery  
  61  6:36  Supply Depot, Marine x2  
  61  6:37  Starport Reactor  
  63  6:42  SCV  
  63  6:44  SCV  
  63  6:46  Marine  
  65  6:48  Siege Tank  
  65  6:50  Marine  
  65  6:51  Marine  
  68  6:55  SCV, Marine  
  68  6:56  SCV  
  68  6:58  Marine  
  71  7:04  Marine  
  71  7:07  SCV  
  71  7:08  SCV, Marine  
  67  7:09  Marine  
  67  7:13  Marine  
  66  7:17  Medivac  
  66  7:19  SCV, Medivac  
  66  7:21  Marine  
  73  7:27  Marine  
  73  7:31  Marine  
  73  7:33  Marine  
  73  7:36  Marine  
  76  7:37  Siege Tank  
  76  7:39  SCV  
  76  7:40  Marine  
  81  7:50  Command Center  
  81  7:51  Marine  
  76  8:06  Medivac, Marine x2  
  76  8:08  Marine  
  76  8:11  SCV  
  84  8:18  SCV, Supply Depot  
  85  8:21  Marine  
  85  8:23  Supply Depot  
  86  8:28  Marine  
  86  8:31  Viking  
  84  8:37  Engineering Bay  
  87  8:41  Marine  
Tags
 
Add a new tag
Caveats
  • Supply blocks, unpowered buildings, or Contaminate may cause inaccurate times.
  • Supply counts are checked every 10 seconds.